 Dungeon Crawl Stone Soup version 0.22-a0-609-gfedc9ff77b (webtiles) character file.

1088 Kholdaimon the Summoner (level 8, -3/46 HPs)
             Began as a Tengu Summoner on July 10, 2018.
             Was a Follower of Elyvilon.
             Slain by a killer bee (7 damage)
             ... on level 6 of the Dungeon.
             The game lasted 00:50:25 (6405 turns).

Kholdaimon the Summoner (Tengu Summoner)            Turns: 6405, Time: 00:50:25

Health: -3/46      AC:  6    Str: 12    XL:     8   Next: 30%
Magic:  10/13      EV: 17    Int: 18    God:    Elyvilon [*.....]
Gold:   224        SH:  0    Dex: 14    Spells: 2/13 levels left

rFire    . . .     SeeInvis .   n - +2 dagger (venom)
rCold    . . .     Gourm    .   (no shield)
rNeg     . . .     Faith    .   w - +2 animal skin
rPois    .         Spirit   .   (helmet restricted)
rElec    .         Reflect  .   (no cloak)
rCorr    .         Harm     .   (no gloves)
MR       .....                  (boots unavailable)
Stlth    ++........             (no amulet)
HPRegen  0.15/turn              m - +4 ring of evasion
MPRegen  0.13/turn              p - +3 ring of strength

@: lethally poisoned (-3 -> -25)
A: beak, horns 1, talons 3, iridescent scales 1, no potion heal 1, able to fly 1
a: Fly, Lesser Healing, Divine Protection, Renounce Religion


You were on level 6 of the Dungeon.
You worshipped Elyvilon.
Elyvilon was aware of your devotion.
You were hungry.

You visited 2 branches of the dungeon, and saw 8 of its levels.

You collected 224 gold pieces.

Inventory:

Hand Weapons
 a - a +0 trident
 d - a +0 arbalest
 n - a +2 dagger of venom (weapon)
 u - a +0 morningstar of protection
Missiles
 i - 211 stones (quivered)
 q - 5 silver tomahawks
 r - 4 needles of paralysis
 v - 65 sling bullets
 z - 101 bolts
Armour
 b - a +0 ring mail
 t - a +0 robe of positive energy
 w - a +2 animal skin (worn)
Magical Staves
 e - an uncursed staff of earth
Jewellery
 m - a +4 ring of evasion (left hand)
 p - a +3 ring of strength (right hand)
 y - an uncursed ring of positive energy
 B - an uncursed ring of see invisible
 D - an uncursed ring of protection from magic
 F - an uncursed ring of magical power
Wands
 G - a wand of paralysis (15)
 J - a wand of iceblast (14)
Scrolls
 j - 2 scrolls of fear
 k - 3 scrolls of enchant armour
 l - a scroll of fog
 s - 2 scrolls of teleportation
 C - 2 scrolls of blinking {unknown}
 E - a scroll of remove curse
 I - a scroll of enchant weapon {unknown}
Potions
 f - 2 potions of haste
 g - 2 potions of brilliance
 o - a potion of cancellation {unknown}
 x - 3 potions of curing
 A - a potion of ambrosia {unknown}
Comestibles
 c - 5 rations


   Skills:
 - Level 3.0 Fighting
 - Level 3.0 Armour
 - Level 3.0 Dodging
 - Level 2.0 Stealth
 - Level 3.0 Spellcasting
 * Level 8.2 Summonings
 - Level 3.0 Ice Magic
 - Level 5.0 Air Magic


You had 2 spell levels left.
You knew the following spells:

 Your Spells              Type           Power        Failure   Level  Hunger
a - Summon Small Mammal   Summ           ####         1%          1    None
b - Call Imp              Summ           ####....     1%          2    ##.....
c - Summon Lightning Spi  Summ/Air       ####....     11%         4    ####...
d - Summon Ice Beast      Ice/Summ       ###.....     16%         4    ####...

Your spell library contained the following spells:

 Spells                   Type           Power        Failure   Level  Hunger
 Call Canine Familiar     Summ           ####....     1%          3    ###....
 Summon Guardian Golem    Hex/Summ       ###.....     9%          3    ###....


Dungeon Overview and Level Annotations

Branches:
Dungeon (7/15)             Temple (1/1) D:5

Altars:
Ashenzari
Dithmenos
Elyvilon
Fedhas
Hepliaklqana
Kikubaaqudgha
Nemelex Xobeh
Qazlal
Ru
Trog
Vehumet
Wu Jian
Xom
Yredelemnul
The Shining One

Annotations:
D:4 3 runed doors, Anathary's ghost, amateur SpAs
D:5 exclusion: oklob plant


Innate Abilities, Weirdness & Mutations

You have a beak for a mouth.
You have claws for feet.
You can fly.
You have a pair of small horns on your head.
You are partially covered in iridescent scales. (AC +2)
Potions are less effective at restoring your health.


Message History

You feel sick. The killer bee stings you.
* * * LOW HITPOINT WARNING * * *
You are more poisoned.
The killer bee poisons you! The killer bee barely misses you.
The killer bee stings you.
* * * LOW HITPOINT WARNING * * *
You are more poisoned.
The killer bee poisons you! The killer bee misses you.
You hit the killer bee.
The killer bee is poisoned.
You headbutt the killer bee.
The killer bee is almost dead.
* * * LOW HITPOINT WARNING * * *
You feel sick.
You kill the killer bee!
Your Summonings skill increases to level 8!
The killer bee barely misses you. The killer bee closely misses you.
You fail to use your ability.
* * * LOW HITPOINT WARNING * * *
You feel sick. The killer bee stings you!
You die...

.....# #.#
#...##.....#
.....#
#.###...####.###
.....# #..##...#
#.# .....#
##.##..## #.####
.....# #..#..#
#....# .....#
##....# ####.#
###### #....#
#....#
####8...#####.####
#.....@....##.#
#......y...'..#
#..........####
#..........#
#..........#
#..........#
#.........>#
#..........#
#..........#


You could see a killer bee and a friendly lightning spire.

Vanquished Creatures
  A sky beast (D:6)
  An eye of draining (D:5)
  An ogre (D:6)
  2 killer bees (D:6)
  A bullfrog zombie (D:6)
  A hound (D:6)
  An iguana (D:6)
  A statue (D:4)
  A worker ant zombie (D:6)
  3 adders
  A shadow imp (D:6)
  A worm (D:2)
  A dart slug (D:3)
  2 leopard geckos
  2 orcs
  2 goblins
  6 hobgoblins
  A jackal (D:3)
  4 quokkas
  5 bats
  A frilled lizard (D:1)
  7 kobolds
  A leopard gecko skeleton (D:6)
  A leopard gecko zombie (D:6)
  A rat (D:2)
49 creatures vanquished.

Vanquished Creatures (collateral kills)
  Duvessa (D:4)
  A phantom (D:6)
  An eye of draining (D:5)
  A centaur (D:5)
  Blork the orc (D:5)
  3 bullfrogs (D:6)
  Dowan (D:4)
  A scorpion (D:4)
  A killer bee (D:6)
  A hound (D:5)
  A worker ant (D:3)
  Robin (D:2)
  3 adders (D:2)
  An adder skeleton (D:5)
  A worm (D:5)
  3 orcs (D:2)
  A bat (D:1)
  9 goblins
  3 hobgoblins
  A jackal (D:3)
  2 frilled lizards
  6 kobolds
  2 rats (D:1)
46 creatures vanquished.

Grand Total: 95 creatures vanquished

Notes
Turn   | Place    | Note
-------+----------+-------------------------------------------
     0 | D:1      | Kholdaimon the Tengu Summoner began the quest for the Orb.
     0 | D:1      | Reached XP level 1. HP: 10/10 MP: 4/4
   265 | D:1      | Reached XP level 2. HP: 16/16 MP: 4/6
   269 | D:1      | Learned a level 2 spell: Call Imp
   284 | D:1      | Reached skill level 5 in Summonings
   412 | D:1      | You fall through a shaft!
   412 | D:2      | Found a stormy altar of Qazlal.
   935 | D:1      | Reached skill level 1 in Fighting
   999 | D:2      | Reached XP level 3. HP: 17/20 MP: 2/7
  1269 | D:2      | Gained mutation: Potions are less effective at restoring your health. [potion of mutation]
  1269 | D:2      | Gained mutation: You have a pair of small horns on your head. [potion of mutation]
  1269 | D:2      | Gained mutation: You are partially covered in iridescent scales. (AC +2) [potion of mutation]
  1272 | D:2      | HP: 1/20 [poisoned by an adder]
  1729 | D:2      | Reached XP level 4. HP: 25/25 MP: 3/8
  1739 | D:2      | Noticed Robin
  1765 | D:2      | Killed Robin
  2300 | D:3      | Learned a level 4 spell: Summon Lightning Spire
  2314 | D:3      | Found a shimmering altar of Xom.
  2315 | D:3      | Found a shimmering altar of Xom.
  2322 | D:3      | Found a shimmering altar of Xom.
  2592 | D:3      | Reached skill level 1 in Air Magic
  2905 | D:3      | Gained mutation: You can fly. [Tengu growth]
  2905 | D:3      | Reached XP level 5. HP: 29/30 MP: 8/10
  3295 | D:4      | Noticed Dowan
  3296 | D:4      | Noticed Duvessa
  3316 | D:4      | Killed Duvessa
  3316 | D:4      | Reached skill level 6 in Summonings
  3324 | D:4      | Killed Dowan
  3324 | D:4      | Reached XP level 6. HP: 36/36 MP: 5/11
  3359 | D:4      | Found a radiant altar of Vehumet.
  3620 | D:4      | Found a runed gate.
  3620 | D:4      | Found a runed gate.
  3620 | D:4      | Found a runed gate.
  3620 | D:4      | Noticed Anathary's ghost (amateur SpAs)
  3638 | D:4      | Learned a level 4 spell: Summon Ice Beast
  3727 | D:5      | Entered Level 5 of the Dungeon
  3830 | D:5      | Found a blossoming altar of Fedhas.
  3849 | D:5      | Noticed an oklob plant
  3971 | D:5      | Noticed Blork the orc
  3983 | D:5      | Killed Blork the orc
  4451 | D:5      | Found a staircase to the Ecumenical Temple.
  4455 | Temple   | Entered the Ecumenical Temple
  4506 | Temple   | Became a worshipper of Elyvilon the Healer
  4578 | D:5      | Found a sparkling altar of Nemelex Xobeh.
  4656 | D:5      | Found a bloodstained altar of Trog.
  4656 | D:5      | Noticed an eye of draining
  4656 | D:5      | Noticed an eye of draining
  4792 | D:5      | Killed an eye of draining
  4792 | D:5      | Reached skill level 1 in Armour
  4792 | D:5      | Reached skill level 1 in Ice Magic
  4792 | D:5      | Reached XP level 7. HP: 41/41 MP: 0/12
  5494 | D:6      | Reached skill level 7 in Summonings
  5932 | D:6      | Reached XP level 8. HP: 45/46 MP: 5/13
  6086 | D:6      | Reached skill level 5 in Air Magic
  6196 | D:6      | Reached * piety under Elyvilon
  6404 | D:6      | Reached skill level 8 in Summonings
  6405 | D:6      | Slain by a killer bee

Vault maps used:
D:1:      roderic_crossed_star
D:2:      grunt_qazlal_sundering, uniq_robin
D:3:      xom_redecorated
D:4:      vehumet_statue, gammafunk_ghost_necromancy, small_statue_intersection,
          uniq_duvessa
D:5:      trog_eyes_of_draining, nicolae_overflow_crystal_walls,
          temple_hall_moat, first_ration, eino_tiny_chamber, tgw_fedhas,
          uniq_blork_the_orc
D:6:      hex_medium
D:7:      basic_altar
Temple:   nicolae_temple_elliptical

Skill      XL: |  1  2  3  4  5  6  7  8 |
---------------+-------------------------+-----
Summonings     | 5 6 7 8 |  8.2
Fighting       | 1 2 3 |  3.0
Dodging        | 3 |  3.0
Air Magic      | 1 3 4 5 |  5.0
Spellcasting   | 3 |  3.0
Armour         | 1 2 3 |  3.0
Ice Magic      | 1 2 3 |  3.0
Stealth        | |  2.0

Action                   |  1- 3 |  4- 6 |  7- 9 || total
-------------------------+-------+-------+-------++-------
Melee: Dagger            |    42 |       |    12 ||    54
       Kick              |     4 |     9 |    14 ||    27
       Unarmed           |     1 |       |       ||     1
       Peck              |     6 |     7 |    14 ||    27
       Trident           |       |    57 |    55 ||   112
       Spear             |       |    13 |       ||    13
       Headbutt          |       |     4 |    12 ||    16
       Morningstar       |       |       |    15 ||    15
 Fire: Arbalest          |       |     3 |     5 ||     8
Throw: Stone             |       |     1 |     7 ||     8
 Cast: Summon Small Mamm |    17 |     3 |     6 ||    26
       Call Imp          |    19 |    32 |       ||    51
       Summon Lightning  |       |     1 |     6 ||     7
Invok: Lesser Healing    |       |       |     1 ||     1
  Use: Scroll            |     4 |     8 |       ||    12
       Potion            |     1 |       |     4 ||     5
 Stab: Sleeping          |     4 |     5 |     2 ||    11
       Distracted        |       |     2 |     1 ||     3
  Eat: Chunk             |     4 |     4 |     3 ||    11
       Ration            |       |     2 |     1 ||     3
Armor: Robe              |     7 |     2 |       ||     9
       Animal skin       |       |     4 |    28 ||    32
Dodge: Dodged            |    42 |    25 |    94 ||   161

Table legend:
 A = Spawn XP
 B = Non-spawn XP
 C = Spawn XP percentage of total XP
 D = Spawn monster count
 E = Non-spawn monster count
 F = Spawn count percentage of total count
 G = Total turns spent on level
                    A         B        C        D         E        F      G
               +---------+---------+-------+---------+---------+-------+---------
         Total |       0 |    1555 |   0.0 |       0 |      95 |   0.0 |  6405
               +---------+---------+-------+---------+---------+-------+---------
           D:1 |       0 |      26 |   0.0 |       0 |      20 |   0.0 |   959
           D:2 |       0 |      84 |   0.0 |       0 |      29 |   0.0 |  1132
           D:3 |       0 |      60 |   0.0 |       0 |      14 |   0.0 |   908
           D:4 |       0 |     204 |   0.0 |       0 |       6 |   0.0 |   767
           D:5 |       0 |     352 |   0.0 |       0 |       9 |   0.0 |  1606
           D:6 |       0 |     829 |   0.0 |       0 |      17 |   0.0 |   956
               +---------+---------+-------+---------+---------+-------+---------
